Match 46718289
Unlisted

Match 46718289
End
Selects Italian Infantry
Panzergrenadier Squad
Kradschützen Motorcycle Team
Panzerpioneer Squad
Construct Light Support Kompanie
Panzerpioneer Squad
250 Light Carrier
Selects Defensive Operations
Panzerjäger Squad
Panzerjäger Squad
2.5-tonne Medical Truck
Assault Mechanized Group
Fire Support Elements
Selects Territory Booby Traps
Combat Half-tracks
Selects Guastatori Squad
Selects L6/40 Light Tank Combat Group
Guastatori Squad
2.5-tonne Medical Truck
Construct Mechanized Kompanie
Selects Towed Cannone da 105/28 Field Howitzer
le.IG 18 Mechanized Group
Construct Panzerarmee Kommand
Armored Reserves
Walking Stuka Rocket Launcher
Towed Cannone da 105/28 Field Howitzer
Guastatori Squad
Selects Obice 305mm Barrage
Walking Stuka Rocket Launcher
Obice 305mm Barrage
Towed Cannone da 105/28 Field Howitzer
Obice 305mm Barrage
L6/40 Light Tank Combat Group
Guastatori Squad
Spylord
Kray-Tos
ВаняEchoshard
Челозавр
daniel0482
EL-TERRIBLO-DEMON-DE-LA-MUERTE
I7arK_HeRo
tanke en linea952
0
0

Comments sign in to comment!

No comments posted yet!